 Dungeon Crawl Stone Soup version 0.21-a0-51-gea492e9 (webtiles) character file.

18970 grindst0ne the Fighter (level 12, -4/102 HPs)
             Began as a Demonspawn Fighter on June 12, 2017.
             Was a High Priest of Okawaru.
             Killed from afar by a gargoyle (24 damage)
             ... with a stone arrow
             ... on level 11 of the Dungeon.
             The game lasted 00:32:25 (10628 turns).

grindst0ne the Fighter (Demonspawn Fighter)        Turns: 10628, Time: 00:32:26

Health: -4/102     AC: 18    Str: 18    XL:     12   Next: 32%
Magic:  17/17      EV:  7    Int: 10    God:    Okawaru [*****.]
Gold:   500        SH:  6    Dex: 16    Spells: 11/11 levels left

rFire    . . .     SeeInvis .   J - +9 broad axe of the Whelk {vamp, rElec}
rCold    . . .     Gourm    .   M - +0 buckler
rNeg     . . .     Faith    .   j - +0 chain mail (curse)
rPois    .         Spirit   .   P - +1 hat
rElec    +         Reflect  .   e - +0 cloak
rCorr    .         Harm     .   (no gloves)
MR       .....                  r - +0 pair of boots
Stlth    ..........             (no amulet)
Regen    0.3/turn               (no ring)
MPRegen  0.2/turn               (no ring)

@: flying
A: antennae 1, iridescent scales 2, powered by death 1, spiny 2
a: Heroism, Finesse, Renounce Religion


You were on level 11 of the Dungeon.
You worshipped Okawaru.
Okawaru was extremely pleased with you.
You were not hungry.

You visited 1 branch of the dungeon, and saw 11 of its levels.

You collected 500 gold pieces.

Inventory:

Hand Weapons
 J - the +9 broad axe of the Whelk (weapon) {vamp, rElec}
   (You found it on level 7 of the Dungeon)

   It inflicts no extra harm, but heals its wielder when it wounds a living foe.
   It insulates you from electricity.
Missiles
 i - 3 throwing nets (quivered)
Armour
 c - a +0 shield
 e - a +0 cloak (worn)
 j - a cursed +0 chain mail (worn)
 r - a +0 pair of boots (worn)
 E - a +0 plate armour
 M - a +0 buckler (worn)
 P - a +1 hat (worn)
Wands
 p - a wand of polymorph (18/24)
 B - a wand of paralysis (13/24)
 F - a wand of confusion (23/48)
 G - a wand of digging (6/24)
 I - a wand of enslavement (16/24)
 Q - a wand of scattershot (6/9)
 S - a wand of flame (31/48)
 V - a wand of digging (14/24)
Scrolls
 d - 2 scrolls of holy word {unknown}
 h - 3 scrolls of amnesia {unknown}
 l - 10 scrolls of identify {unknown}
 m - 2 scrolls of recharging {unknown}
 n - 4 scrolls of remove curse {unknown}
 o - 2 scrolls of teleportation {unknown}
 s - a scroll of magic mapping {unknown}
 t - 5 scrolls of fog {unknown}
 y - 3 scrolls of enchant weapon {unknown}
 K - a scroll of silence {unknown}
 R - a scroll of enchant armour {unknown}
 T - a scroll of random uselessness {unknown}
 U - a scroll of brand weapon {unknown}
 Z - a scroll of fear {unknown}
Potions
 q - 2 potions of magic
 v - 3 potions of flight
 x - a potion of agility {unknown}
 A - a potion of brilliance
 C - a potion of heal wounds {unknown}
 D - 2 potions of mutation {unknown}
 N - a potion of cancellation {unknown}
Books
 H - a book of Maledictions

   Spells                             Type                      Level
   a - Corona                         Hexes                        1
   b - Ensorcelled Hibernation        Hexes/Ice                    2
   c - Confuse                        Hexes                        3
   d - Tukima's Dance                 Hexes                        3
   e - Dazzling Spray                 Conjuration/Hexes            3
 Y - a book of Transfigurations

   Spells                             Type                      Level
   a - Irradiate                      Conjuration/Transmutation    5
   b - Statue Form                    Transmutation/Earth          6
   c - Hydra Form                     Transmutation                6
   d - Dragon Form                    Transmutation                7
Miscellaneous
 a - a lamp of fire
 W - a sack of spiders
Comestibles
 b - a chunk of flesh
 f - 8 bread rations
 g - 10 fruits
 w - 9 meat rations
 z - 4 royal jellies


   Skills:
 - Level 12.2 Fighting
 - Level 11.0 Axes
 + Level 7.5 Armour
 + Level 7.2 Shields
 - Level 6.9 Evocations


You had 11 spell levels left.
You didn't know any spells.

Dungeon Overview and Level Annotations

Branches:
Dungeon (11/15)            Temple (0/1) D:4            Lair (0/6) D:8
    Orc: D:9-12

Altars:
Cheibriados
Gozag
Hepliaklqana
Kikubaaqudgha
Nemelex Xobeh
Okawaru
Ru
Vehumet


Innate Abilities, Weirdness & Mutations

You have a pair of small antennae on your head.
You are mostly covered in iridescent scales. (AC +4)
You regenerate a little health from kills.
You are mostly covered in sharp spines.


Message History

You feel better.
You feel better.
The gargoyle hits you but does no damage.
You barely miss the gargoyle.
The gargoyle is heavily damaged.
You hit the gargoyle but do no damage.
The gargoyle is heavily damaged.
You block the gargoyle's attack.
You hit the gargoyle but do no damage.
The gargoyle is heavily damaged.
The gargoyle hits you with a morningstar!
* * * LOW HITPOINT WARNING * * *
Okay, then.
Okay, then.
It was a potion of flight.
You feel very buoyant.
You fly up into the air.
The gargoyle hurls a stone arrow at you.
The stone arrow hits you!
You die...

# #.# # #.# ## #.# #. #.#
#. '###### #.# #. .......
#.# ###' .......########.#
#...
.......'9@......#######...
......$#######..>.....'...
....... ##.#######...
..$(.[. #..# #... .......
#.## #... ./..... #.# #...
....... #.# #### ###'###
#.# # #.# #


You could see a gargoyle.

Vanquished Creatures
  Gastronok (D:9)
  Josephine (D:10)
  A hydra (D:8)
  4 two-headed ogres
  Nergalle (D:10)
  3 unseen horrors
  Joseph (D:9)
  A troll (D:10)
  Prince Ribbit (D:9)
  A hippogriff (D:9)
  4 wraiths (D:10)
  10 yaks
  A basilisk (D:8)
  A hungry ghost (D:10)
  Menkaure (D:6)
  The ghost of GordonOverkill the Magician, an amateur DEFE (D:3)
  4 porcupines (D:8)
  A water moccasin (D:5)
  A hornet zombie (D:6)
  3 orc warriors
  A black bear (D:9)
  7 ice beasts
  3 phantoms
  4 ogres
  2 centaurs
  2 crocodiles (D:8)
  5 bullfrogs
  A water moccasin zombie (D:8)
  A gnoll sergeant (D:4)
  A wyvern zombie (D:10)
  4 scorpions
  2 howler monkeys (D:10)
  3 crimson imps
  2 bullfrog zombies
  2 jellies (D:7)
  3 quasits
  6 orc priests
  2 bullfrog skeletons
  A centaur zombie (D:3)
  11 hounds
  2 centaur skeletons
  10 orc wizards
  3 iguanas
  9 worker ants
  A killer bee zombie (D:6)
  2 hound zombies
  2 hound skeletons
  20 adders
  8 gnolls
  A shadow imp (D:8)
  An ooze (D:2)
  An adder zombie (D:6)
  2 adder skeletons
  6 worms
  4 dart slugs
  4 leopard geckos
  35 orcs
  A ball python (D:3)
  8 bats
  7 giant cockroaches
  13 hobgoblins
  8 jackals
  6 kobolds
  2 quokkas
  6 frilled lizards
  11 goblins
  A quokka skeleton (D:6)
  6 rats
  A plant (D:8)
286 creatures vanquished.

Notes
Turn   | Place    | Note
-------+----------+-------------------------------------------
     0 | D:1      | grindst0ne the Demonspawn Fighter began the quest for the Orb.
     0 | D:1      | Reached XP level 1. HP: 18/18 MP: 1/1
   280 | D:1      | Gained mutation: You are partially covered in iridescent scales. (AC +2) [demonic ancestry]
   280 | D:1      | Reached XP level 2. HP: 24/24 MP: 2/2
   671 | D:2      | Reached XP level 3. HP: 24/30 MP: 3/3
   724 | D:2      | Reached skill level 4 in Fighting
  1007 | D:2      | Reached XP level 4. HP: 37/37 MP: 4/4
  1661 | D:3      | Reached XP level 5. HP: 18/43 MP: 5/5
  1675 | D:3      | Noticed GordonOverkill's ghost (amateur DEFE)
  1862 | D:3      | Killed GordonOverkill's ghost
  1862 | D:3      | Reached skill level 5 in Fighting
  2085 | D:3      | Gained mutation: You regenerate a little health from kills. [demonic ancestry]
  2085 | D:3      | Reached XP level 6. HP: 39/51 MP: 6/6
  2305 | D:3      | Found an iron altar of Okawaru.
  2315 | D:3      | Became a worshipper of Warmaster Okawaru
  2449 | D:3      | Found a hazy altar of Hepliaklqana.
  2457 | D:3      | Found an ancient bone altar of Kikubaaqudgha.
  2911 | D:4      | Reached skill level 6 in Fighting
  2973 | D:4      | Gained mutation: You are partially covered in sharp spines. [demonic ancestry]
  2973 | D:4      | Reached XP level 7. HP: 33/58 MP: 7/7
  3018 | D:4      | Reached skill level 5 in Axes
  3248 | D:4      | Found a staircase to the Ecumenical Temple.
  3357 | D:4      | Reached skill level 7 in Fighting
  3421 | D:4      | Reached * piety under Okawaru
  3445 | D:4      | Found a snail-covered altar of Cheibriados.
  3562 | D:5      | Entered Level 5 of the Dungeon
  3733 | D:4      | Gained mutation: You are mostly covered in sharp spines. [demonic ancestry]
  3733 | D:4      | Reached XP level 8. HP: 60/67 MP: 8/8
  4177 | D:5      | Reached skill level 8 in Fighting
  4284 | D:5      | Noticed a two-headed ogre
  4324 | D:5      | Reached ** piety under Okawaru
  4370 | D:5      | Killed a two-headed ogre
  4370 | D:5      | Reached skill level 9 in Fighting
  4370 | D:5      | Gained mutation: You are mostly covered in iridescent scales. (AC +4) [demonic ancestry]
  4370 | D:5      | Reached XP level 9. HP: 18/77 MP: 6/9
  5153 | D:5      | Found an opulent altar of Gozag.
  5422 | D:6      | Noticed Menkaure
  5430 | D:6      | Reached skill level 12 in Fighting
  5430 | D:6      | Reached skill level 10 in Axes
  5430 | D:6      | Gained mutation: You have a pair of small antennae on your head. [demonic ancestry]
  5430 | D:6      | Reached XP level 10. HP: 24/89 MP: 10/10
  5437 | D:6      | Killed Menkaure
  6180 | D:6      | Found a sacrificial altar of Ru.
  6402 | D:7      | Reached skill level 1 in Evocations
  6669 | D:7      | Got an ivory broad axe
  6672 | D:7      | Identified the +9 broad axe of the Whelk {vamp, rElec} (You found it on level 7 of the Dungeon)
  6751 | D:7      | Reached *** piety under Okawaru
  7135 | D:8      | Found a staircase to the Lair.
  7156 | D:8      | Reached XP level 11. HP: 95/95 MP: 13/13
  7263 | D:8      | Reached **** piety under Okawaru
  7400 | D:8      | Noticed a two-headed ogre
  7407 | D:8      | Killed a two-headed ogre
  7414 | D:8      | Noticed a seven-headed hydra
  7425 | D:8      | Killed a seven-headed hydra
  8009 | D:8      | Found a radiant altar of Vehumet.
  8428 | D:9      | Found a sparkling altar of Nemelex Xobeh.
  8459 | D:9      | Noticed Prince Ribbit
  8467 | D:9      | Killed Prince Ribbit
  8467 | D:9      | Reached skill level 5 in Armour
  8726 | D:9      | Noticed Joseph
  8731 | D:9      | Noticed Gastronok
  8738 | D:9      | Killed Joseph
  8738 | D:9      | Reached ***** piety under Okawaru
  8738 | D:9      | Reached skill level 5 in Shields
  8746 | D:9      | Killed Gastronok
  8746 | D:9      | Reached skill level 5 in Evocations
  8918 | D:9      | Noticed a two-headed ogre
  8924 | D:9      | Killed a two-headed ogre
  9331 | D:10     | Entered Level 10 of the Dungeon
  9414 | D:10     | Noticed a two-headed ogre
  9418 | D:10     | Killed a two-headed ogre
  9419 | D:10     | Received a gift from Okawaru
  9423 | D:10     | Killed an unseen horror
  9426 | D:10     | Noticed Josephine
  9433 | D:10     | Killed Josephine
  9433 | D:10     | Reached XP level 12. HP: 101/102 MP: 16/16
  9454 | D:10     | Noticed Nergalle
  9479 | D:10     | Killed Nergalle
 10628 | D:11     | Killed from afar by a gargoyle

Vault maps used:
D:1:      minmay_arrival_diagonal_passages, kennysheep_another_room
D:3:      lemuel_crystal_altar, amethyst_overflow_temple_binary
D:4:      kennysheep_slug_shrine, temple_doors_cd, kennysheep_generic_room_9
D:5:      cheibrodos_fzero, kennysheep_mini, first_bread
D:6:      nicolae_ru_the_path_less_chosen, eino_small_chamber_without_monster,
          uniq_menkaure
D:7:      hangedman_abyss_or_decor_jellyfish_corner, grunt_ogre_cave
D:8:      lemuel_round_altar, minmay_lair_entry_grove
D:9:      nemelex_diamond_rough_becter, uniq_gastronok, uniq_prince_ribbit1,
          uniq_joseph
D:10:     minivault_10, uniq_nergalle, uniq_josephine

Skill      XL: |  1  2  3  4  5  6  7  8  9 10 11 12 |
---------------+-------------------------------------+-----
Axes           | 2 3 4 6 8 10 11 | 11.0
Fighting       | 4 5 6 7 9 12 | 12.2
Evocations     | 3 6 |  6.9
Armour         | 3 6 7 |  7.5
Shields        | 3 6 7 |  7.2

Action                   |  1- 3 |  4- 6 |  7- 9 | 10-12 || total
-------------------------+-------+-------+-------+-------++-------
Melee: War axe           |   110 |   258 |   183 |    43 ||   594
       Broad axe         |       |       |       |   236 ||   236
       Battleaxe         |       |       |       |    24 ||    24
Invok: Heroism           |       |       |     2 |     2 ||     4
Evoke: Wand              |       |       |       |     7 ||     7
  Use: Potion            |       |       |     3 |     9 ||    12
  Eat: Chunk             |       |     7 |     9 |    13 ||    29
       Bread ration      |       |       |       |     2 ||     2
Armor: Scale mail        |    73 |   142 |    40 |       ||   255
       Chain mail        |       |       |    66 |   183 ||   249
Dodge: Dodged            |    30 |    72 |    36 |    83 ||   221
Block: Shield            |    62 |   118 |   105 |    17 ||   302
       Buckler           |       |       |       |    34 ||    34
